Unix NetHack Version 3.7.0-102 Work-in-progress - last build Apr 7 2024 00:22:53 (d302a6a9ff6341f1a922d8f5af178406b35fdf99,branch:master). Game began 2024-04-20 20:29:34, ended 2024-04-20 21:16:21. Ted, neutral male gnomish Wizard ----- --------- |<..--- ------.......-- ------- |.....---|.........--..| |.....| --..|....|.---------|..| |.._..| --.|-.....---- ---- |..%..| ------ --|.........| - ----- ---.--- |..+.------ ----.|....|..----...-- |.| #..........---|-. -----..|....|......--- |.|# |..|.----........ ------ |..|.............---..- ---|.-..|-....... |%%%%| --......---...........----- |.|..||...{... ....| |........ ...............---|[|.. --...... -|- ------....- ..--....--...%..-|.|------....- --------- -- --%---...-|...-|..|.......|..---...|[--..|...|....|------ |.......| |..|-.........|..--|..|..|.......|-....|?%...|..---...-|@(((| |.------- |..-...............-|---+..---..-|..........-|....|-.a%a@(((| |.|...| -----.....{....----.............---...G.......|-...|...-|.(((| |.|...| |..............- |-+--.--------|.........--..|........|------ |.--|------- -+-----........ |...|.|.)((| --.......-- - |...|....|--------.....|....| --..--- |.(...-..((| ---...--- -..|...--......|...{..-..-|| --- -----.|.(((| ----- ----.....----........|..|?| ------ ------- --------------- Ted the Thaumaturge St:15 Dx:12 Co:11 In:19 Wi:11 Ch:10 Neutral S:2042 Dlvl:5 $:32 HP:0(27) Pw:4(72) AC:9 Xp:6/450 T:3291 Hungry Latest messages: You hear crashing rock. In what direction? h The spell misses the killer bee. The spell misses the floating eye. The killer bee stings! In what direction? h The spell misses the killer bee. The spell misses the killer bee. The killer bee stings! The killer bee stings! The killer bee stings! The killer bee's sting was poisoned! In what direction? q The magical energy is released! The spell misses the killer bee. The spell hits the floating eye! You kill the floating eye! The killer bee stings! In what direction? h The spell misses the killer bee. The spell hits the killer bee! You kill the killer bee! The spell hits it. You kill it! The killer bee stings! What do you want to drink? [ghotwN or ?*] ? You feel better. Your movements are now unencumbered. The killer bee stings! What do you want to drink? [ghotN or ?*] h Magical energies course through your body. The killer bee stings! The killer bee stings! In what direction? h The spell misses the killer bee. The killer bee stings! The killer bee stings! In what direction? h The spell misses the killer bee. The killer bee stings! The killer bee stings! The killer bee's sting was poisoned! In what direction? h The spell misses the killer bee. The spell misses it. The killer bee stings! The killer bee stings! You die... Yawolloh gratefully inherits all your possessions. Do you want to see what you had when you died? [ynq] (y) q Inventory: Coins $ - 32 gold pieces Amulets A - a blessed amulet of reflection (being worn) Weapons y - a +0 dagger Q - a blessed +1 quarterstaff (weapon in hands) Armor b - an uncursed fireproof +0 cloak of magic resistance (being worn) Comestibles z - an uncursed apple B - an uncursed food ration Scrolls S - a cursed scroll of amnesia s - a cursed scroll of confuse monster q - 2 uncursed scrolls of create monster f - 2 cursed scrolls of create monster Y - an uncursed scroll of earth k - 3 uncursed scrolls of enchant armor v - an uncursed scroll of enchant weapon W - an uncursed scroll of food detection T - 2 cursed scrolls of food detection c - an uncursed scroll of gold detection m - 3 uncursed scrolls of remove curse j - 3 uncursed scrolls of teleportation Spellbooks O - an uncursed spellbook of cone of cold D - an uncursed spellbook of detect treasure l - a blessed spellbook of force bolt u - a cursed spellbook of levitation x - a cursed spellbook of remove curse Potions o - an uncursed potion of acid N - 2 uncursed potions of fruit juice g - an uncursed potion of sleeping t - 2 uncursed potions of water Rings p - a cursed +2 ring of adornment V - a cursed ring of fire resistance X - a cursed ring of invisibility L - an uncursed ring of protection from shape changers e - an uncursed ring of regeneration (on right hand) d - an uncursed ring of sustain ability (on left hand) i - a cursed ring of teleport control Wands I - a cursed wand of digging (0:1) C - a cursed wand of digging (0:0) E - a wand of magic missile (0:7) r - a wand of opening (0:3) J - a cursed wand of polymorph (0:2) F - a wand of probing (0:7) Tools R - a cursed blindfold H - a magic marker (0:99) n - a magic marker (0:20) P - a cursed magic whistle K - an uncursed oil lamp (lit) M - a cursed skeleton key a - a cursed stethoscope Gems/Stones U - an uncursed worthless piece of violet glass Ted the Wizard's attributes: Background: You were a Thaumaturge, a level 6 male gnomish Wizard. You were neutral, on a mission for Thoth who was opposed by Ptah (lawful) and Anhur (chaotic). You were left-handed. You were in the Gnomish Mines, on level 5. You entered the dungeon 3291 turns ago. You had 450 experience points, 190 more were needed to attain level 7. Your score was 2042 before end-of-game adjustments. Basics: You had 0 out of 27 hit points. You had 4 out of 72 energy points (spell power). Your armor class was 9. Your wallet contained 32 zorkmids. Autopickup was off. Final Characteristics: Your strength was 15 (limit:18/50). Your dexterity was 12 (limit:18). Your constitution was 11 (limit:18). Your intelligence was 19 (limit:19). Your wisdom was 11 (limit:18). Your charisma was 10 (limit:18). Final Status: You were hungry. You were unencumbered. You were wielding a quarterstaff. You had basic skill with quarterstaff. Final Attributes: You were piously aligned. You were magic-protected. You were cold resistant. You were telepathic. You had infravision. You regenerated. You were warded. You had reflection. You had fixed abilities. You are dead. Miscellaneous: You encountered 1 bones level. Total elapsed playing time was 46 minutes and 46 seconds. Major events: Turn 1: Ted the neutral male gnomish Wizard entered the dungeon 543: entered the Gnomish Mines 1267: attained the rank of Conjurer (level 3) 2711: reached Mine Town 3278: attained the rank of Thaumaturge (level 6) 3278: destroyed lurchy's ghost, the former Thaumaturge 3291: killed by a killer bee Vanquished creatures: a ghost a dwarf mummy a gray ooze 3 floating eyes a dwarf 2 homunculi 3 hill orcs a rothe 3 giant bats 2 dwarf zombies 6 killer bees 2 coyotes 4 hobbits a large kobold 4 giant rats 2 cave spiders a yellow mold 2 geckos 8 jackals a fox 6 grid bugs 6 lichens 4 newts 65 creatures vanquished. No species were genocided or became extinct. Voluntary challenges: You read items or engraved 13 times. You engraved Elbereth 1 time. You never had a pet. You never genocided any monsters. You never polymorphed an object. You never changed form. You used no wishes. Achievements: You entered a shop. You entered the Gnomish Mines. You attained the rank of Conjurer. You entered Minetown. You entered a temple. You attained the rank of Thaumaturge. The Dungeons of Doom: levels 1 to 4 Level 1: A sink, a grave. Level 2: Stairs down to The Gnomish Mines. Level 3: Level 4: A sink. The Gnomish Mines: levels 3 to 5 Level 3: Level 4: Level 5: <- You were here. A shop, a temple and an altar, many fountains, a grave. Final resting place for you, killed by a killer bee, lurchy-Wiz-Elf-Mal-Cha, killed by a dwarf, while fumbling. Game over: ---------- / \ / REST \ / IN \ / PEACE \ / \ | Ted | | 0 Au | | killed by a | | killer bee | | | | | | 2024 | *| * * * | * _________)/\\_//(\/(/\)/\//\/|_)_______ Goodbye Ted the Wizard... You died in The Gnomish Mines on dungeon level 5 with 2010 points, and 0 pieces of gold, after 3291 moves. You were level 6 with a maximum of 27 hit points when you died.